 Dungeon Crawl Stone Soup version 0.27.1-4-g1640c2035a (webtiles) character file.

Game seed: 13176145980863445471

13 pissbender the Scratcher (level 2, -3/12 HPs)
             Began as a Felid Transmuter on Nov 10, 2021.
             Slain by a quokka (5 damage)
             ... on level 1 of the Dungeon.
             The game lasted 00:06:00 (429 turns).

pissbender the Scratcher (Felid Transmuter)          Turns: 429, Time: 00:06:01

Health: -3/12      AC:  1    Str:  6    XL:     2   Next: 24%
Magic:  5/6        EV: 17    Int: 14    God:
Gold:   11         SH:  0    Dex: 16    Spells: 4/5 levels left
                                        Lives:  0   Deaths: 0

rFire    . . .     SeeInvis +     - Unarmed
rCold    . . .     Faith    .   (shield unavailable)
rNeg     . . .     Spirit   .   (armour unavailable)
rPois    .         Reflect  .   (helmet unavailable)
rElec    .         Harm     .   (cloak unavailable)
rCorr    .         Rampage  .   (gloves unavailable)
Will     +....                  (boots unavailable)
Stlth    +.........             (no amulet)
HPRegen  0.04/turn              a - ring of willpower
MPRegen  0.10/turn              (no ring)

@: appendages (expiring), quick
A: horns 2, very small, claws 1, fangs 3, see invisible, speed 1, shaggy fur 1,
stealthy paws, no weapons or thrown items, no armour, multi-lived
a: End Transformation


You were on level 1 of the Dungeon.
You had temporarily grown beastly horns.
You visited 1 branch of the dungeon, and saw 1 of its levels.

You collected 11 gold pieces.

Inventory:

Jewellery
 a - a ring of willpower (left paw)
Scrolls
 b - a scroll of teleportation {unknown}
Potions
 c - a potion of curing {unknown}


   Skills:
 + Level 1.0 Fighting
 + Level 2.7 Dodging
 + Level 3.6 Unarmed Combat
 + Level 2.0 Spellcasting
 + Level 2.2 Transmutations


You had 4 spell levels left.
You knew the following spells:

 Your Spells              Type           Power      Damage    Failure   Level
a - Beastly Appendage     Tmut           14%        N/A       10%         1

Your spell library contained the following spells:

 Spells                   Type           Power      Damage    Failure   Level
 Wereblood                Tmut           7%         N/A       14%         2
 Spider Form              Tmut/Pois      2%         N/A       41%         3
 Ice Form                 Ice/Tmut       4%         N/A       83%         4


Dungeon Overview and Level Annotations

Branches:
Dungeon (1/15)

Altars:


Innate Abilities, Weirdness & Mutations

You have temporarily grown beastly horns.
You have sharp claws.
You have razor-sharp teeth.
You have supernaturally acute eyesight. (SInv)
You cover ground quickly. (Speed+)
You are covered in fur. (AC +1)
Your paws help you pounce on unaware monsters.
You are incapable of wielding weapons or throwing items.
You cannot wear armour.
You gain extra lives every three experience levels.


Message History

You scratch the endoplasm.
You kill the endoplasm!
Your transformation is almost over.
You now have 11 gold pieces.
Save game and exit?
Okay, then.
A goblin comes into view. It is wielding a +0 dagger.
Your horns disappear.
You grow a pair of large bovine horns.
A goblin is nearby!
The goblin shouts!
You scratch the goblin.
The goblin is heavily wounded.
The goblin misses you.
You scratch the goblin.
You kill the goblin!
Okay, then.
Okay, then.
Drop what? 3/52 slots (_ for help) (? for menu, Esc to quit)
Okay, then.
A quokka comes into view.
You fail to extend your transformation any further.
A ball python comes into view.
There are monsters nearby!
There are monsters nearby!
Your transformation is almost over.
The quokka bites you.
The ball python hisses angrily.
You claw the ball python!
You kill the ball python!
The quokka barely misses you.
You barely miss the quokka. The quokka bites you. x2
* * * LOW HITPOINT WARNING * * *
You barely miss the quokka. The quokka closely misses you.
You completely miss the quokka. The quokka misses you.
You barely miss the quokka. The quokka closely misses you.
You closely miss the quokka. The quokka misses you.
You scratch the quokka but do no damage.
The quokka bites you.
You die...

....... ....#
....... ....#
...#...###....#
..............#
..............#
..............#
........r.....#
......†@......###
................+
..........)....#
...............#
...............# ..
...............#...
...............#...
..########..#.....
#.......#†#..##+#


You could see a quokka.

Vanquished Creatures
  A dart slug (D:1)
  A bat (D:1)
  An endoplasm (D:1)
  A goblin (D:1)
  A hobgoblin (D:1)
  A quokka (D:1)
  2 ball pythons (D:1)
  A frilled lizard (D:1)
  A rat (D:1)
10 creatures vanquished.

Notes
Turn   | Place    | Note
-------+----------+-------------------------------------------
     0 | D:1      | pissbender the Felid Transmuter began the quest for the
                  | Orb.
     0 | D:1      | Reached XP level 1. HP: 9/9 MP: 4/4
   318 | D:1      | Reached XP level 2. HP: 9/12 MP: 4/6
   429 | D:1      | Slain by a quokka

Illustrated notes

Levels and vault maps discovered:
D:1:      minmay_arrival_solitary_statue, layout_basic,
          hellmonk_ecumenical_altar_run_dry

Action                   || total
-------------------------++-------
Melee: Unarmed           ||    28
 Cast: Beastly Appendage ||     8
Dodge: Dodged            ||    22
